 Dungeon Crawl Stone Soup version 0.26.0-20-g3ca415f5b8 (webtiles) character file.

Game seed: 5229694328449698795

63 PentaManta the Ruffian (level 3, 0/36 HPs)
             Began as a Troll Abyssal Knight on Jan 24, 2021.
             Was a Follower of Lugonu.
             Succumbed to a worker ant's poison
             ... on level 4 of the Dungeon.
             The game lasted 00:02:01 (1022 turns).

PentaManta the Ruffian (Troll Abyssal Knight)       Turns: 1022, Time: 00:02:01

Health: 0/36       AC:  6    Str: 21    XL:     3   Next: 87%
Magic:  3/3        EV: 10    Int:  8    God:    Lugonu [*.....]
Gold:   72         SH:  0    Dex:  9    Spells: 2/2 levels left

rFire    . . .     SeeInvis .     - Unarmed
rCold    . . .     Faith    .   (no shield)
rNeg     . . .     Spirit   .   a - +0 robe
rPois    .         Reflect  .   (helmet restricted)
rElec    .         Harm     .   (no cloak)
rCorr    .         Rampage  .   (gloves unavailable)
Will     .....                  (boots unavailable)
Stlth    +.........             (no amulet)
HPRegen  0.52/turn              (no ring)
MPRegen  0.08/turn              (no ring)

@: lethally poisoned (0 -> -4)
A: large, unfitting armour, claws 3, regeneration 1, shaggy fur 1, tough skin 3
a: Renounce Religion, Depart the Abyss


You were on level 4 of the Dungeon.
You worshipped Lugonu.
Lugonu was aware of your devotion.
You visited 1 branch of the dungeon, and saw 3 of its levels.
You visited the Abyss 1 time.

You collected 72 gold pieces.

Inventory:

Missiles
 i - 8 boomerangs
Armour
 a - a +0 robe (worn)
Scrolls
 b - 2 scrolls of identify
 c - a scroll of teleportation
 d - a scroll of enchant weapon {unknown}
 e - a scroll of magic mapping {unknown}
 k - a scroll of remove curse {unknown}
Potions
 f - a potion of invisibility
 g - a potion of degeneration {unknown}
 h - a potion of might {unknown}
 j - a potion of attraction {unknown}
 l - a potion of heal wounds {unknown}
 m - a potion of curing {unknown}


   Skills:
 - Level 2.4 Fighting
 - Level 1.9 Dodging
 + Level 4.2 Unarmed Combat
 - Level 1.5 Invocations


You had 2 spell levels left.
You didn't know any spells.
Your spell library was empty.

Dungeon Overview and Level Annotations

Branches:
Dungeon (2/15)

Altars:
Fedhas

Annotations:
D:4 Pikel


Innate Abilities, Weirdness & Mutations

You are too large for most types of armour.
You have claws for hands.
Your natural rate of healing is unusually fast.
You are covered in fur. (AC +1)
You have extremely tough skin. (AC +3)


Message History

The worker ant is almost dead.
The worker ant waves its antennae.
The worker ant closely misses you. The lemure hits you but does no damage.
You barely miss the worker ant.
The worker ant is almost dead.
You feel sick. The lemure barely misses you. The worker ant closely misses you.
The lemure hits you.
You scratch the worker ant but do no damage.
The worker ant is almost dead.
The lemure closely misses you. The worker ant misses you. The lemure hits you.
You closely miss the worker ant.
The worker ant is almost dead.
You feel sick. The lemure hits you.
* * * LOW HITPOINT WARNING * * *
The worker ant bites you!
* * * LOW HITPOINT WARNING * * *
You are lethally poisoned!
The worker ant poisons you!
Okay, then.
You die...

#############
#...........## ###
#............## #..#
#.............####..#
#...@.5.........$...#
#####.5####.####.....
#B.# ..... #.#..#
#..#.......#.....
#..#.......#.....
#..)..._.........
#..#.......#.....
#..#.......#.....
#..# ..... #.....


You could see 2 lemures and a worker ant.

Vanquished Creatures
  An adder (D:2)
  A gnoll (D:1)
  An ooze (D:1)
  A leopard gecko (D:1)
  6 bats
  2 giant cockroaches
  3 goblins (D:1)
  7 hobgoblins (D:1)
  A jackal (D:4)
  6 kobolds (D:1)
  5 frilled lizards
  A rat (D:1)
35 creatures vanquished.

Notes
Turn   | Place    | Note
-------+----------+-------------------------------------------
     0 | Abyss:1  | PentaManta the Troll Abyssal Knight began the quest for the
                  | Orb.
     0 | Abyss:1  | Reached XP level 1. HP: 22/22 MP: 1/1
    80 | Abyss:1  | Noticed an orange demon
    84 | D:1      | Escaped the Abyss
   184 | D:1      | Reached XP level 2. HP: 29/29 MP: 2/2
   185 | D:1      | Reached * piety under Lugonu
   320 | D:1      | Reached skill level 3 in Unarmed Combat
   428 | D:1      | Reached XP level 3. HP: 36/36 MP: 3/3
   796 | D:1      | Reached skill level 4 in Unarmed Combat
   986 | D:2      | You fall into a shaft and drop 2 floors!
   986 | D:4      | Noticed Pikel
   986 | D:4      | Noticed a lemure
   986 | D:4      | Noticed a lemure
   986 | D:4      | Noticed a lemure
   986 | D:4      | Noticed a lemure
  1006 | D:4      | Found a blossoming altar of Fedhas.
  1021 | D:4      | HP: 1/36 [worker ant (8)]
  1022 | D:4      | Succumbed to a worker ant's poison

Illustrated notes

Levels and vault maps discovered:
D:1:      shiori_shiawase, layout_basic, minmay_tetromino_l4
D:2:      layout_loops_cross, nicolae_ru_awakened_eye
D:4:      layout_rooms, old_standard_altar, eat_drink_and_be_merry_uskayaw,
          old_standard_altar, gammafunk_temple_overflow_statue, serial_shops,
          nicolae_shop_trees, uniq_pikel

Skill      XL: |  1  2  3 |
---------------+----------+-----
Unarmed Combat | 3 4 |  4.2
Fighting       | |  2.4
Dodging        | |  1.9
Invocations    | |  1.5

Action                   || total
-------------------------++-------
Melee: Unarmed           ||    92
       Punch             ||     2
Invok: Depart the Abyss  ||     1
  Use: Scroll            ||     2
Armor: Robe              ||    39
Dodge: Dodged            ||    66
